 Dungeon Crawl Stone Soup version 0.18-a0-1120-g03bd624 (webtiles) character file.

25984 4thArraOfDagon the Unseen (level 12, 3/56 HPs)
             Began as a Felid Transmuter on Jan 17, 2016.
             Was a Priest of Cheibriados.
             Quit the game on level 4 of the Snake Pit.
             The game lasted 01:06:06 (7788 turns).

4thArraOfDagon the Unseen (Felid Transmuter)        Turns: 7788, Time: 01:06:06

Health: 3/56       AC:  3    Str: 14    XL:     12   Next: 94%
Magic:  15/23      EV: 39    Int: 23    God:    Cheibriados [***...]
Gold:   1008       SH:  3    Dex: 34    Spells: 6 memorised, 5 levels left
                                        Lives:  0   Deaths: 3

rFire  + + .     SeeInvis +       - Unarmed
rCold  + . .     Gourm    .     (armour unavailable)
rNeg   . . .     Faith    .     (shield unavailable)
rPois  +         Spirit   .     (helmet unavailable)
rElec  .         Dismiss  .     (cloak unavailable)
rCorr  .         Reflect  +     (gloves unavailable)
SustAt .         Harm     .     (boots unavailable)
MR     +....                    l - +3 amulet of reflection
Stlth  +++++++++.               j - +6 ring of slaying
                                i - ring of poison resistance

@: agile, mildly poisoned (3 -> 3), blade paws (expiring), regenerating, very
slow, somewhat resistant to hostile enchantments, incredibly stealthy
A: no armour, no weapons or thrown items, claws 1, fangs 3, see invisible,
carnivore 3, fire resistance 2, speed 1, shaggy fur 3, slow metabolism 1, (sharp
paws)
a: End Transformation, Bend Time, Temporal Distortion, Renounce Religion


You were on level 4 of the Snake Pit.
You worshipped Cheibriados.
Cheibriados was most pleased with you.
You were full.
You had blades for front paws.
You visited 4 branches of the dungeon, and saw 26 of its levels.

You collected 1266 gold pieces.
You spent 258 gold pieces at shops.

Inventory:

Missiles
 D - 98 arrows
 E - 9 arrows of flame
 G - 18 arrows of dispersal
Jewellery
 a - an uncursed amulet of harm
 i - a ring of poison resistance (left scythe-like blade)
 j - a +6 ring of slaying (right scythe-like blade)
 l - a +3 amulet of reflection (around neck)
 s - a +3 ring of protection
 z - a +5 ring of intelligence
 M - an uncursed ring of flight
Wands
 f - a wand of slowing (25/48)
 k - a wand of digging (3/24)
 n - a wand of random effects (28/48)
 w - a wand of magic darts (10/48)
 y - a wand of flame (8/48)
 C - a wand of paralysis (14/24)
 F - a wand of fire (9/15)
 H - a wand of draining (9/15)
 I - a wand of slowing (27/48)
 K - a wand of cold (4/15)
 N - a wand of cold (4/15)
 O - a wand of fire (6/15)
 Q - a wand of enslavement (0/24)
Scrolls
 h - a scroll of random uselessness
 m - a scroll of magic mapping
 p - 8 scrolls of remove curse
 r - 2 scrolls of enchant armour
 x - 2 scrolls of recharging
Potions
 o - 3 potions of flight
 u - 2 potions of haste
 J - a potion of cancellation
 P - a potion of lignification
Books
 e - a book of Battle

   Spells                             Type                      Level
   a - Infusion                       Charms                       1
   b - Shroud of Golubria             Charms/Translocation         2
   c - Song of Slaying                Charms                       2
   d - Spectral Weapon                Hexes/Charms                 3
   e - Regeneration                   Charms/Necromancy            3
Miscellaneous
 v - a phial of floods (inert)
Comestibles
 c - 6 meat rations
 d - 3 slices of pizza
 t - 9 beef jerkies


   Skills:
 + Level 8.4 Fighting
 + Level 11.4 Dodging
 * Level 17.2 Stealth
 * Level 12.6 Unarmed Combat
 + Level 6.7 Spellcasting
 - Level 5.6 Charms
 - Level 4.6 Necromancy
 - Level 7.0 Transmutations
 + Level 8.7 Invocations
 - Level 7.0 Evocations


You had 5 spell levels left.
You knew the following spells:

 Your Spells              Type           Power        Failure   Level  Hunger
b - Sticks to Snakes      Trmt           #####...     14%         2    None
c - Spider Form           Trmt/Pois      ###.......   41%         3    None
d - Regeneration          Chrm/Necr      ####......   28%         3    None
e - Song of Slaying       Chrm           ####....     17%         2    None
f - Blade Hands           Trmt           #####.....   54%         5    #####..
g - Ice Form              Ice/Trmt       ###.....     63%         4    ###....


Dungeon Overview and Level Annotations

Branches:
Dungeon (14/15)            Temple (0/1) D:7            Lair (6/8) D:11
  Snake (4/4) Lair:6          Orc (2/2) D:10            Elf (0/3) Orc:2
 Vaults (0/5) D:14
  Swamp: Lair:3-6    Shoals: Lair:3-6     Slime: Lair:6-8

Altars:
Ashenzari
Cheibriados
Dithmenos
Elyvilon
Fedhas
Gozag
Ru
Xom
Yredelemnul
The Shining One
Beogh
Jiyva

Shops:
D:6 *   D:8 =   D:10 :((!}   Orc:2 :*}(

Annotations:
D:3 Sigmund
D:5 4thArraOfDagon's ghost, novice MiCj
D:8 Prince Ribbit; gorblad's ghost, novice MiFi


Innate Abilities, Weirdness & Mutations

You cannot wear armour.
You are incapable of wielding weapons or throwing items.
You have sharp claws.
You have razor-sharp teeth.
You have supernaturally acute eyesight.
You are carnivorous and can eat meat at any time.
You cover ground quickly.
Your thick and shaggy fur keeps you warm (AC +3, rC+).
You have a slow metabolism.
((Your sharp claws are effective at attacking unaware monsters.))
Your flesh is very heat resistant.


Message History

Okay, then.
Drink which item? (? for menu, Esc to quit)
It was a potion of cure mutation.
It has a very clean taste.
You feel clumsy.
You feel genetically stable.
You feel less heat resistant. The horns on your head shrink away.
Your magic regains its normal vibrancy.
* * * LOW HITPOINT WARNING * * *
The mana viper dies!
Cheibriados thoroughly appreciates the change of pace.
Unknown command.
Unknown command.
Drink which item? (? for menu, Esc to quit)
It was a potion of agility.
You feel agile all of a sudden.
You feel sick.
* * * LOW HITPOINT WARNING * * *
Your water elemental completely misses the greater naga.
An anaconda comes into view.
Unknown command.
Unknown command.
Are you sure you want to abandon this character and quit the game? (Confirm with "yes".)

##....##...## ##..# ..
#.......### #..##
...####..# #...#### ...#
#..# #.......... ...#
##.## #.........S ... #..#
#.......... ..
#####..###### #..........
.............###....#####.
................@SNE.##
....................≈N≈≈≈
................)...S≈≈≈≈
........................≈
.......................S.
.................†.......
..S......................
)NNN.....................
.N##''##...............


You could see a greater naga, an anaconda, a naga ritualist, a shock serpent, a
black mamba and a friendly water elemental.

Vanquished Creatures
  A greater naga (Snake:4)
  Erolcha (D:11)
  A vault guard (D:12)
  2 naga warriors (Snake:4)
  3 hydras (Lair:6)
  12 anacondas
  A centaur warrior (D:14)
  4 shock serpents
  5 orc high priests (Orc:2)
  2 naga sharpshooters (Snake:4)
  2 salamander mystics
  2 hell knights (D:11)
  5 naga ritualists
  The ghost of 4thArraOfDagon the Cleaver, a novice DDFi (Lair:1)
  8 hill giants
  An orc knight (Orc:2)
  8 mana vipers
  An ugly thing (D:12)
  2 orc sorcerers (Orc:2)
  4 salamanders
  A cyclops (D:13)
  18 black mambas
  A centaur zombie (D:13)
  2 guardian serpents (Snake:4)
  3 spiny frogs
  8 naga magi
  2 komodo dragons (Lair:1)
  A two-headed ogre (D:11)
  7 trolls
  2 slime creatures
  A blink frog (Lair:6)
  18 yaks
  A wyvern (D:14)
  3 wraiths
  A human (D:13)
  3 hippogriffs
  3 hungry ghosts
  23 nagas
  A mottled dragon (D:12)
  A warg (Orc:2)
  7 hell hounds (D:11)
  2 porcupines
  3 ice beasts
  A sky beast (D:14)
  21 orc warriors
  2 black bears
  2 necrophages
  6 centaurs
  7 ogres
  A crocodile (Lair:3)
  A big kobold (D:9)
  7 giant frogs
  A scorpion (D:14)
  A water moccasin skeleton (D:10)
  3 killer bees (D:11)
  8 wights
  3 electric eels (D:11)
  A giant frog zombie (D:8)
  3 crimson imps
  9 hounds
  4 jellies
  25 orc priests
  3 centaur skeletons
  22 orc wizards
  An iguana (Lair:1)
  6 worker ants
  2 hell rats (Lair:3)
  17 sheep
  A hound zombie (D:6)
  A hound skeleton (D:9)
  4 gnolls
  A worker ant zombie (D:8)
  5 adders
  2 shadow imps
  An ooze (D:3)
  A worm (D:3)
  5 giant geckos
  64 orcs
  A ball python (D:5)
  3 giant cockroaches
  15 jackals
  4 kobolds
  2 quokkas
  3 giant newts
  3 goblins (D:1)
  A jackal zombie (D:6)
  3 rats
455 creatures vanquished.

Vanquished Creatures (collateral kills)
  A mana viper (Snake:4)
  A yak (D:7)
  A naga (Snake:4)
  2 orc warriors (Orc:2)
  A gnoll (D:2)
  4 orcs
  A hobgoblin (D:2)
  A giant newt (D:2)
12 creatures vanquished.

Vanquished Creatures (others)
  A shock serpent (Snake:4)
1 creature vanquished.

Grand Total: 468 creatures vanquished

Notes
Turn   | Place    | Note
--------------------------------------------------------------
     0 | D:1      | 4thArraOfDagon the Felid Transmuter began the quest for the Orb.
     0 | D:1      | Reached XP level 1. HP: 9/9 MP: 4/4
    30 | D:1      | Reached skill level 1 in Stealth
   138 | D:2      | Found a snail-covered altar of Cheibriados.
   181 | D:2      | Reached XP level 2. HP: 2/12 MP: 4/6
   202 | D:2      | Learned a level 2 spell: Sticks to Snakes
   329 | D:2      | Became a worshipper of Cheibriados the Contemplative
   423 | D:2      | Reached skill level 4 in Stealth
   478 | D:2      | Reached XP level 3. HP: 15/15 MP: 5/7
   506 | D:2      | Learned a level 3 spell: Spider Form
   636 | D:3      | Noticed Sigmund
   737 | D:2      | Found a blossoming altar of Fedhas.
   856 | D:4      | Reached skill level 5 in Stealth
   865 | D:4      | Reached XP level 4. HP: 13/19 MP: 8/8
   907 | D:4      | Found a basalt altar of Yredelemnul.
   912 | D:4      | Reached * piety under Cheibriados
  1080 | D:5      | Entered Level 5 of the Dungeon
  1133 | D:4      | Reached XP level 5. HP: 22/22 MP: 7/9
  1209 | D:5      | Noticed 4thArraOfDagon's ghost (novice MiCj)
  1281 | D:6      | Gained mutation: You evolve. [potion of beneficial mutation]
  1287 | D:6      | Noticed an ice beast
  1307 | D:6      | Found a glowing golden altar of the Shining One.
  1310 | D:6      | Killed an ice beast
  1310 | D:6      | Reached skill level 6 in Stealth
  1310 | D:6      | Reached skill level 1 in Invocations
  1552 | D:7      | Found a staircase to the Ecumenical Temple.
  1564 | D:7      | Found a sacrificial altar of Ru.
  1691 | D:8      | Found Loiko's Jewellery Emporium.
  1700 | D:8      | Found a white marble altar of Elyvilon.
  1728 | D:9      | Reached ** piety under Cheibriados
  1730 | D:9      | Gained mutation: You are covered in thick fur (AC +2). [Felid growth]
  1730 | D:9      | Reached XP level 6. HP: 21/26 MP: 10/10
  1844 | D:9      | Noticed a hungry ghost
  1860 | D:9      | Killed a hungry ghost
  1860 | D:9      | Reached skill level 7 in Stealth
  1860 | D:9      | Reached XP level 7. HP: 15/30 MP: 11/11
  1886 | D:9      | Noticed a yak
  2285 | D:8      | Reached skill level 5 in Unarmed Combat
  2297 | D:8      | Noticed gorblad's ghost (novice MiFi)
  2302 | D:8      | Reached skill level 8 in Stealth
  2377 | D:10     | Entered Level 10 of the Dungeon
  2377 | D:10     | Noticed a hill giant
  2422 | D:9      | Gained mutation: Your flesh is heat resistant. [evolution]
  2549 | D:8      | Reached *** piety under Cheibriados
  2574 | D:8      | Reached XP level 8. HP: 23/34 MP: 10/12
  2643 | D:8      | Reached skill level 5 in Dodging
  2652 | D:8      | Noticed Prince Ribbit
  2699 | D:8      | Reached skill level 9 in Stealth
  2776 | D:6      | Found a shattered altar of Ashenzari.
  2821 | D:6      | Found an opulent altar of Gozag.
  2831 | D:6      | Found Gozag's Platinum Reserve.
  3221 | D:7      | HP: 1/34 [yak (14)]
  3245 | D:7      | Reached XP level 9. HP: 7/38 MP: 0/13
  3256 | D:7      | Reached skill level 10 in Stealth
  3410 | D:6      | Found a shimmering altar of Xom.
  3411 | D:6      | Found a shimmering altar of Xom.
  3411 | D:6      | Found a shimmering altar of Xom.
  3494 | D:8      | Learned a level 3 spell: Regeneration
  3511 | D:9      | Learned a level 2 spell: Song of Slaying
  3552 | D:9      | Reached skill level 5 in Transmutations
  3559 | D:9      | Reached skill level 1 in Charms
  3559 | D:9      | Reached skill level 1 in Necromancy
  3564 | D:9      | HP: 1/39 [yak (3)]
  3574 | D:10     | Noticed a hill giant
  3579 | D:10     | Found Cucrok's Distillery.
  3582 | D:10     | Bought a potion of poison for 11 gold pieces
  3582 | D:10     | Bought a potion of curing for 33 gold pieces
  3582 | D:10     | Bought a potion of curing for 33 gold pieces
  3582 | D:10     | Bought a potion of invisibility for 88 gold pieces
  3582 | D:10     | Bought a potion of mutation for 27 gold pieces
  3582 | D:10     | Bought a potion of curing for 33 gold pieces
  3582 | D:10     | Bought a potion of curing for 33 gold pieces
  3583 | D:10     | Gained mutation: Your spells are a little easier to cast, but a little less powerful. [potion of mutation]
  3583 | D:10     | Gained mutation: You have a pair of small horns on your head. [potion of mutation]
  3583 | D:10     | Gained mutation: You are agile. (Dex +2) [potion of mutation]
  3684 | D:10     | Killed a hill giant
  3684 | D:10     | Reached **** piety under Cheibriados
  3693 | D:10     | Killed a hill giant
  3706 | D:11     | Noticed Erolcha
  3707 | D:11     | Gained mutation: Your flesh is very heat resistant. [evolution]
  3714 | D:11     | Killed Erolcha
  3714 | D:11     | Reached skill level 11 in Stealth
  3714 | D:11     | Reached XP level 10. HP: 43/43 MP: 14/14
  3887 | D:12     | Noticed a vault guard
  3890 | D:12     | Killed a vault guard
  3893 | D:12     | Found a portal to a secret trove of treasure.
  3945 | D:13     | Noticed a cyclops
  3948 | D:13     | Killed a cyclops
  3951 | D:13     | Noticed a tengu warrior
  3965 | D:12     | Noticed a hill giant
  3967 | D:12     | Killed a hill giant
  3967 | D:12     | Reached skill level 5 in Charms
  4038 | D:12     | Reached skill level 5 in Invocations
  4042 | D:11     | Noticed a hill giant
  4044 | D:11     | Killed a hill giant
  4074 | D:11     | Reached skill level 12 in Stealth
  4092 | D:11     | Reached XP level 11. HP: 41/46 MP: 10/15
  4143 | D:12     | Noticed a white ugly thing
  4230 | D:12     | Killed a white ugly thing
  4230 | D:12     | Reached ***** piety under Cheibriados
  4230 | D:12     | Reached skill level 5 in Fighting
  4276 | D:12     | Noticed a hill giant
  4283 | D:12     | Killed a hill giant
  4371 | D:13     | HP: 1/47 [tengu warrior/great sword (17)]
  4371 | D:13     | Slain by a tengu warrior
  4372 | D:13     | Reached XP level 10. HP: 0/44 MP: 6/15
  4423 | D:14     | Found a gate to the Vaults.
  4423 | D:14     | Noticed a skeletal warrior
  4423 | D:14     | Noticed a hill giant
  4423 | D:14     | Noticed an orc knight
  4423 | D:14     | Noticed a griffon
  4577 | D:14     | Noticed a hill giant
  4581 | D:14     | Noticed a centaur warrior
  4582 | D:14     | Killed a hill giant
  4584 | D:14     | Noticed an orange demon
  4587 | D:14     | Killed a centaur warrior
  4589 | D:14     | Noticed an orange demon
  4590 | D:14     | Noticed an orange demon
  4609 | D:13     | Noticed a hill giant
  4621 | D:13     | Killed a hill giant
  4621 | D:13     | Reached skill level 13 in Stealth
  4621 | D:13     | Reached XP level 11. HP: 48/48 MP: 7/17
  4751 | D:11     | Found a staircase to the Lair.
  4845 | D:11     | Noticed a skeletal warrior
  4897 | D:10     | Found Jazuid's Gadget Shop.
  4906 | D:10     | Found a viscous altar of Jiyva.
  4959 | D:10     | Found Viycait's Antique Weapon Shop.
  4964 | D:10     | Found a shadowy altar of Dithmenos.
  5025 | D:11     | Reached skill level 1 in Evocations
  5050 | D:11     | Learned a level 5 spell: Blade Hands
  5066 | D:11     | Noticed a hell knight
  5071 | D:11     | Killed a hell knight
  5092 | D:11     | Noticed a hell knight
  5097 | D:11     | Killed a hell knight
  5099 | D:11     | Noticed a hell knight
  5101 | D:11     | HP: 2/48 [hell knight/halberd of flaming (28)]
  5102 | D:11     | Noticed a hell knight
  5150 | D:11     | Gained mutation: Your flesh is almost immune to the effects of heat. [evolution]
  5175 | D:10     | Noticed a hill giant
  5179 | D:10     | Killed a hill giant
  5213 | D:10     | Found a staircase to the Orcish Mines.
  5279 | D:10     | Found a roughly hewn altar of Beogh.
  5313 | D:10     | Found Raotsin's Weapon Emporium.
  5336 | D:10     | Reached skill level 10 in Unarmed Combat
  5338 | D:10     | Reached ****** piety under Cheibriados
  5361 | D:10     | Found Moacsamo's Book Emporium.
  5369 | D:10     | lets die
  5406 | Orc:1    | Entered Level 1 of the Orcish Mines
  5444 | Orc:2    | Entered Level 2 of the Orcish Mines
  5446 | Orc:2    | Noticed an orc knight
  5464 | Orc:2    | Killed an orc knight
  5673 | Orc:2    | Gained mutation: Your thick and shaggy fur keeps you warm (AC +3, rC+). [Felid growth]
  5673 | Orc:2    | Reached XP level 12. HP: 52/52 MP: 16/19
  5685 | Orc:2    | Reached skill level 14 in Stealth
  5721 | Orc:2    | Noticed an orc high priest
  5742 | Orc:2    | Noticed an orc high priest
  5817 | Orc:2    | Noticed an orc high priest
  5825 | Orc:2    | Noticed an orc high priest
  5833 | Orc:2    | Killed an orc high priest
  5887 | Orc:2    | Killed an orc high priest
  5919 | Orc:2    | Killed an orc high priest
  5931 | Orc:2    | Found a staircase to the Elven Halls.
  5938 | Orc:2    | Noticed an orc high priest
  5943 | Orc:2    | Killed an orc high priest
  5960 | Orc:2    | Found Heatui's Book Shoppe.
  5960 | Orc:2    | Found Wuiten's Weapon Emporium.
  5960 | Orc:2    | Found Anegaat's General Store.
  5964 | Orc:2    | Found Mofen's Gadget Emporium.
  5991 | Orc:2    | Killed an orc high priest
  5991 | Orc:2    | Reached skill level 5 in Evocations
  6150 | Lair:1   | Entered Level 1 of the Lair of Beasts
  6189 | Lair:1   | Learned a level 4 spell: Ice Form
  6249 | Lair:1   | Noticed 4thArraOfDagon's ghost (novice DDFi)
  6257 | Lair:1   | Killed 4thArraOfDagon's ghost
  6480 | Lair:3   | Reached skill level 5 in Spellcasting
  6584 | Lair:6   | Noticed a six-headed hydra
  6592 | Lair:6   | Noticed an eight-headed hydra
  6595 | Lair:6   | Killed a six-headed hydra
  6596 | Lair:6   | Noticed a six-headed hydra
  6602 | Lair:6   | Killed an 11-headed hydra
  6604 | Lair:6   | namelastname112: blade hands on this tile
  6605 | Lair:6   | Killed a seven-headed hydra
  6632 | Lair:6   | 4thArraOfDagon: its kinda odd
  6659 | Lair:6   | Found a staircase to the Snake Pit.
  6670 | Lair:6   | Reached skill level 15 in Stealth
  6684 | Snake:1  | Entered Level 1 of the Snake Pit
  6689 | Snake:1  | Reached XP level 13. HP: 53/57 MP: 13/21
  6954 | Snake:3  | Reached skill level 10 in Dodging
  6965 | Snake:4  | Entered Level 4 of the Snake Pit
  7212 | Snake:4  | Reached skill level 16 in Stealth
  7294 | Snake:4  | 4thArraOfDagon: this is bad
  7427 | Snake:4  | Reached XP level 14. HP: 55/62 MP: 5/24
  7451 | Snake:4  | Noticed a greater naga
  7455 | Snake:4  | Killed a greater naga
  7534 | Snake:4  | HP: 3/62 [anaconda (3)]
  7547 | Snake:4  | Killed from afar by a shock serpent
  7548 | Snake:4  | Reached XP level 13. HP: 0/58 MP: 10/23
  7650 | Snake:4  | Noticed a greater naga
  7650 | Snake:3  | Noticed a greater naga
  7672 | Snake:3  | Slain by a mana viper
  7673 | Snake:3  | Reached XP level 12. HP: 0/55 MP: 0/22
  7708 | Snake:4  | Reached skill level 17 in Stealth
  7758 | Snake:4  | Noticed an anaconda
  7762 | Snake:4  | Killed an anaconda
  7766 | Snake:4  | Noticed a greater naga
  7786 | Snake:4  | Lost mutation: You are agile. (Dex +2) [potion of cure mutation]
  7786 | Snake:4  | Lost mutation: You evolve. [potion of cure mutation]
  7786 | Snake:4  | Lost mutation: Your flesh is almost immune to the effects of heat. [potion of cure mutation]
  7786 | Snake:4  | Lost mutation: You have a pair of small horns on your head. [potion of cure mutation]
  7786 | Snake:4  | Lost mutation: Your spells are a little easier to cast, but a little less powerful. [potion of cure mutation]
  7788 | Snake:4  | Noticed an anaconda
  7788 | Snake:4  | Quit the game

Vault maps used:
D:1:      mainiacjoe_arrival_reflecting_pool, nemelex_altar_shiori
D:2:      fedhas_altar_2, cheibriados_altar_wand_db, first_bread
D:3:      st_stairs_10, uniq_sigmund
D:4:      lemuel_doored_altar, vehumet_altar_wand_db, dk_noncrumbling_4
D:5:      overflow_temple_1_default, marbit_many_paths, minmay_liquid_box,
          nrook_loot_triangle, uniq_blork_the_orc
D:6:      xom_redecorated, evilmike_ruin_ashenzari,
          nicolae_gozag_zags_fifth_avenue, lemuel_crystal_altar
D:7:      kennysheep_little_box, minmay_temple_entry_mist, grunt_ogre_cave,
          minivault_27
D:8:      overflow_temple_1_default, serial_shops, kennysheep_mini,
          minmay_radiant, uniq_prince_ribbit1
D:10:     minmay_orc_entry_temple_small, basic_altar, serial_shops,
          kennysheep_mini_moat, shop, nicolae_shop_window_shopping,
          nicolae_shop_stone, shop, small_statue_alley_b,
          minmay_misc_feat_ornament, jiyva_altar_1
D:11:     erik_lair_island, minmay_misc_feat_roman, minmay_rotating_lava,
          uniq_erolcha
D:12:     enter_trove_5
D:14:     david_vaults_3, small_statue_intersection, minmay_beelzebubs_servants
Lair:1:   minivault_29
Lair:2:   lemuel_fruit_tree, grunt_megastairs_2, lemuel_fruit_fields,
          uniq_gastronok
Lair:3:   grunt_megastairs_4
Lair:4:   infiniplex_staircase_pool, uniq_rupert
Lair:5:   hangedman_lair_unloving_vines, worms_lemuel
Lair:6:   minmay_swamp_entry_worms, guppyfry_snake_entry_island,
          nicolae_slime_entry_slimehenge, grunt_megastairs_3
Snake:1:  serial_bayou_shore_b, uniq_aizul
Snake:2:  uniq_azrael, uniq_vashnia, uniq_saint_roka
Snake:4:  johnstein_snake_rune_scales
Orc:2:    st_orc_mages

Action                   |  1- 3 |  4- 6 |  7- 9 | 10-12 | 13-15 || total
-------------------------+-------+-------+-------+-------+-------++-------
Melee: Unarmed           |    44 |    71 |   130 |   450 |   143 ||   838
 Cast: Beastly Appendage |     7 |     4 |    16 |       |       ||    27
       Sticks to Snakes  |     4 |       |    25 |    10 |       ||    39
       Spider Form       |       |     1 |     5 |     5 |       ||    11
       Regeneration      |       |       |     1 |    60 |    29 ||    90
       Blade Hands       |       |       |       |    22 |    15 ||    37
       Song of Slaying   |       |       |       |     2 |       ||     2
       Ice Form          |       |       |       |     1 |       ||     1
Invok: Bend Time         |       |       |     3 |       |       ||     3
       Slouch            |       |       |       |     8 |    10 ||    18
       Temporal Distorti |       |       |       |     3 |     5 ||     8
 Abil: End Transformatio |       |       |       |     1 |       ||     1
Evoke: Wand              |     1 |       |     9 |    12 |     1 ||    23
       Phial of floods   |       |       |       |     3 |       ||     3
  Use: Scroll            |     4 |     2 |    12 |     4 |     3 ||    25
       Potion            |     1 |     2 |     6 |     8 |     6 ||    23
 Stab: Sleeping          |     8 |     8 |    14 |    38 |     8 ||    76
       Distracted        |       |       |     4 |     4 |     1 ||     9
       Invisible         |       |       |     1 |       |       ||     1
  Eat: Chunk             |     8 |     1 |    14 |    25 |     8 ||    56
